[Event "*** Titled Tuesday Blitz"]
[Site "Chess.com"]
[Date "2020.04.14"]
[Round "5"]
[White "FrogMist"]
[Black "Misticpikachu"]
[Result "0-1"]
[WhiteElo "2466"]
[BlackElo "2307"]
[TimeControl "180+1"]
[EndTime "10:52:04 PDT"]
[Termination "Misticpikachu won by checkmate"]

1. e4 c5 2. Nf3 Nc6 3. Bb5 e6 4. O-O Nge7 5. Re1 a6 6. Bf1 d5 7. exd5 Nxd5 8. d4 Nf6 9. c3 Be7 10. Be3 cxd4 11. Nxd4 Nxd4 12. Qxd4 O-O 13. Nd2 Qxd4 14.
Bxd4 Bd7 15. a4 Bc6 16. Nc4 Nd5 17. Na5 Bf6 18. Nxc6 bxc6 19. Bc5 Rfd8 20. Rad1 a5 21. g3 Rab8 22. Ba3 Nb6 23. Rxd8+ Rxd8 24. Bg2 Nc4 25. Bc5 Nxb2 26. Bb6 Bxc3 27. Rc1 Rd1+ 28. Rxd1 Nxd1 29. Bxc6 Bb4 30. Kf1 Nc3 31. Kg2 Kf8 32. h4 f6 33.
h5 Nd5 34. Bd4 Ke7 35. Kf3 g6 36. h6 Kd6 37. Bxd5 Kxd5 38. Bxf6 e5 39. Kg4 Ke6 40. Bd8 Bf8 41. Bg5 Kd5 42. f4 e4 43. f5 gxf5+ 44.
Kxf5 Kd4 45. Kf6 e3 46. Kf7 e2 47. Bf6+ Kd3 48. Kxf8 e1=Q 49. Kg8 Qxg3+ 50. Bg7 Qg6 51. Kh8 Kc4 52. Kg8 Kb3 53. Kh8 Kxa4 54.
Kg8 Kb3 55. Kh8 a4 56. Bb2 Qe8+ 57. Kxh7 Kxb2 58. Kg7 Qe7+ 59. Kh8 a3 60. h7 Qf8# 0-1

[Event "*** Titled Tuesday Blitz"]
[Site "Chess.com"]
[Date "2020.04.14"]
[Round "5"]
[White "K_A_S_T_O_R"]
[Black "Rodalquilar"]
[Result "1-0"]
[WhiteElo "2832"]
[BlackElo "2622"]
[TimeControl "180+1"]
[EndTime "10:52:05 PDT"]
[Termination "K_A_S_T_O_R won on time"]

1. e4 d5 2. exd5 Qxd5 3. Nc3 Qa5 4. g3 Nf6 5. Bg2 e5 6. h3 Bd6 7. d3 c6 8. Bd2 Qc7 9. Nf3 O-O 10. O-O h6 11. Re1 Bf5 12. Nh4 Bh7 13. Qf3 Nbd7 14.
Nf5 Rfe8 15. Nxd6 Qxd6 16. Rad1 Rad8 17. a3 Nc5 18. Be3 a5 19. g4 Ne6 20. Qg3 Nd4 21. Bxd4 exd4 22. Rxe8+ Nxe8 23. Qxd6 Nxd6 24. Na4 Re8 25. Kf1 Kf8 26. Re1 Rxe1+ 27. Kxe1 Ke7 28. f4 f5 29. Nc5 fxg4 30. hxg4 g5 31. fxg5 hxg5 32. Nb3 a4 33. Nxd4 Nf7 34. Nf3 Kf6 35. Kf2 Ne5 36. Nxe5 Kxe5 37. Ke3 Bg8 38. d4+ Kd6 39.
Bf3 Bh7 40. c4 b6 41. Be4 Bg8 42. Kd3 Be6 43. Bf3 c5 44. Kc3 Bd7 45. Bd1 Bc8 46. Kd3 Bd7 47. Ke4 Bc8 48. d5 Bd7 49. Bf3 Bc8 50.
Be2 Bd7 51. Bd1 Bc8 52. Bxa4 Bxg4 53. Bc2 Be2 54. Bd3 Bd1 55. Kf5 g4 56. Kf4 b5 57.
cxb5 Kxd5 58. Be4+ Kd6 59. b6 c4 60. Kg3 Be2 61.
a4 Bd1 62. a5 Be2 63. Kf4 Bd1 64. a6 1-0

[Event "*** Titled Tuesday Blitz"]
[Site "Chess.com"]
[Date "2020.04.14"]
[Round "5"]
[White "Mastroskaki"]
[Black "Justinz"]
[Result "1-0"]
[WhiteElo "2719"]
[BlackElo "2275"]
[TimeControl "180+1"]
[EndTime "10:52:06 PDT"]
[Termination "Mastroskaki won on time"]

1. d4 Nf6 2. Nf3 e6 3. e3 d5 4.
Bd3 Be7 5. O-O Nbd7 6. b3 O-O 7. Bb2 b6 8. c4 Bb7 9. cxd5 exd5 10. Nc3 c5 11. Qe2 Bd6 12. Rfd1 Re8 13. Ba6 Qc8 14. Bxb7 Qxb7 15. dxc5 bxc5 16. Qb5 Nb6 17. Na4 Ne4 18. Rac1 Red8 19. h3 Rac8 20. Nd2 Ng5 21. Nxc5 Qe7 22. Nd3 Bb8 23. Nf4 Rxc1 24. Rxc1 d4 25. Nf1 dxe3 26. fxe3 Ne4 27. Qf5 Nd6 28. Qe5 Qf8 29. Rd1 Ndc4 30. Rxd8 Nxe5 31. Rxf8+ Kxf8 32. Bxe5 Bxe5 33. Nd3 Bc3 34.
Kf2 Ke7 35. Ke2 f5 36. Nd2 Nd5 37. Nc4 Bf6 38. a4 g5 39. Nc5 Bc3 40. e4 Bb4 41.
exd5 Bxc5 42. g4 f4 43. Kf3 Kf6 44. Ke4 h6 45. Nd2 Kg6 46. Nf3 h5 47. Ne5+ Kh6 48.
Nd3 Bd6 49. b4 hxg4 50. hxg4 Kg6 51. b5 Kf6 52. a5 Bc7 53. a6 Bb6 54. Ne5 Ke7 55. Nf3 Kf6 56. d6 Ke6 57. Nxg5+ Kxd6 58. Nf3 Kc5 59. g5 Bd8 60. g6 Bf6 61. Kf5 Bg7 62. Kxf4 Kxb5 63. Nh4 Kxa6 64. Nf5 Bb2 65. Ke4 Kb5 66. Nd4+ Kc4 67. g7 Bxd4 68. g8=Q+ 1-0

[Event "*** Titled Tuesday Blitz"]
[Site "Chess.com"]
[Date "2020.04.14"]
[Round "5"]
[White "Rish_97"]
[Black "Kiborg95"]
[Result "0-1"]
[WhiteElo "2607"]
[BlackElo "2791"]
[TimeControl "180+1"]
[EndTime "10:52:07 PDT"]
[Termination "Kiborg95 won by resignation"]

1. e4 d6 2. d4 Nf6 3. Bd3 e5 4.
c3 d5 5. dxe5 Nxe4 6. Nf3 Nc5 7.
Bc2 Bg4 8. O-O Nc6 9. Re1 Qd7 10. b4 Ne6 11. Nbd2 O-O-O 12. b5 Na5 13. a4 d4 14.
cxd4 Nxd4 15. Bb2 Bc5 16. Bc3 Bb6 17. h3 Bh5 18. Rc1 Kb8 19. Bxd4 Bxd4 20. Qe2 Bc3 21. Red1 Bxd2 22. g4 Bxg4 23. hxg4 Qxg4+ 24. Kf1 Bxc1 25. Rxc1 Qc4 26. Qxc4 Nxc4 27. Bb3 Nb6 28. Bxf7 Nc8 29. e6 Ne7 30. a5 b6 31. axb6 axb6 32. Ne5 Rd5 33.
Nd7+ Kb7 34. Ke2 Rd8 35. Ke3 R5xd7 36. exd7 Rxd7 37. Be6 Rd6 38. Bg4 Kb8 39. Bf3 Nd5+ 40. Ke4 Nf6+ 41. Ke5 Nd7+ 42. Kf4 Rf6+ 43. Kg3 Ne5 44. Bd5 Kc8 45. Ra1 Kd7 46. Ra8 Kd6 47. Be4 Kc5 48. Rc8 Rf7 49. Bxh7 Kxb5 50. Bg8 Re7 51. f4 Nc6 52. Bd5 Kc5 53. Bf3 Nd4 54. Bh5 b5 55. Kg4 b4 56. Kg5 Kc4 57. Kg6 c5 58. f5 b3 59. Rb8 Kc3 60. Bg4 c4 61. f6 gxf6 62. Kxf6 Re1 0-1

[Event "*** Titled Tuesday Blitz"]
[Site "Chess.com"]
[Date "2020.04.14"]
[Round "5"]
[White "DaggiGretarsson"]
[Black "serhanberat_ozdemir"]
[Result "1-0"]
[WhiteElo "2642"]
[BlackElo "2434"]
[TimeControl "180+1"]
[EndTime "10:52:07 PDT"]
[Termination "DaggiGretarsson won by checkmate"]

1. Nf3 Nf6 2. c4 g6 3. g3 Bg7 4.
Bg2 O-O 5. O-O d6 6. Nc3 c6 7. d4 Qa5 8. Re1 Qh5 9. e4 Bh3 10. Bg5 e5 11. Bh4 Bxg2 12. Kxg2 exd4 13. Nxd4 g5 14. Nf5 Qxd1 15. Raxd1 gxh4 16. Nxh4 Rd8 17. e5 Ne8 18. Nf5 Na6 19. exd6 Bxc3 20. bxc3 Ng7 21. Nh6+ Kh8 22. Nxf7+ Kg8 23. Nh6+ Kh8 24. Nf7+ Kg8 25.
Nxd8 Rxd8 26. Re5 Rd7 27. f4 Kf7 28. g4 h6 29. h4 b6 30. Kf3 Ne8 31. g5 hxg5 32.
hxg5 Nxd6 33. Kg4 Nc5 34. f5 Rd8 35. g6+ Kf6 36. Re2 Ndb7 37. Rxd8 Nxd8 38. Rh2 Nd7 39. Rh7 Ne5+ 40. Kf4 Ne6+ 41. fxe6 Nxg6+ 42. Ke4 Kxe6 43. Rxa7 Ne7 44. Ra6 Nc8 45. Ra7 Nd6+ 46. Kd3 Nc8 47. Ra8 Nd6 48. Kc2 Kd7 49. Kb3 c5 50. Ra7+ Kc6 51.
Rh7 Nb7 52. Rh6+ Kc7 53. Ka4 Na5 54. Kb5 Nb7 55. Rh7+ Kc8 56. Kxb6 Nd6 57. Kxc5 Ne4+ 58. Kc6 Nf6 59. Rh8+ Ne8 60. Rxe8# 1-0

[Event "*** Titled Tuesday Blitz"]
[Site "Chess.com"]
[Date "2020.04.14"]
[Round "5"]
[White "lifeissofun"]
[Black "KingCrusher275"]
[Result "0-1"]
[WhiteElo "2218"]
[BlackElo "2382"]
[TimeControl "180+1"]
[EndTime "10:52:07 PDT"]
[Termination "KingCrusher275 won by resignation"]

1. e4 c5 2. Nf3 e6 3. d4 cxd4 4. Nxd4 a6 5. c4 Nf6 6. Nc3 Qc7 7. a3 Be7 8. Qd3 d6 9. f3 Nbd7 10. Be3 b6 11. b4 Bb7 12. Rc1 Rc8 13. Be2 Ne5 14.
Qd1 Qb8 15. Qb3 O-O 16. O-O Rfd8 17. Na4 Ba8 18. Rfd1 d5 19. exd5 exd5 20. Nf5 Bf8 21. Nxb6 dxc4 22. Qc3 Rxd1+ 23. Rxd1 Re8 24. Nxc4 Qc8 25.
Nfd6 Bxd6 26. Rxd6 Nxc4 27. Bxc4 Nd5 28. Qd4 Nxe3 29. Bxf7+ Kxf7 30. Rd7+ Re7 31. Qf4+ Ke8 32. Rxe7+ Kxe7 33. Qxe3+ Kf7 34. Qf4+ Kg8 35. Qd6 Kh8 36. h3 Bc6 37. Kh2 Bb5 38. Qe7 Qb8+ 39. Kh1 Qe8 40.
Qc7 h6 41. Kh2 Kh7 42. Qf4 Qc6 43. Qf5+ Kh8 44. Qf8+ Kh7 45. Qf5+ Qg6 46. Qf8 Qf6 47. Qb8 Qe6 48. Qc7 Qf5 49. Qg3 Qd3 50. Qe5 Qxa3 51.
Qf5+ Kg8 52. Qc8+ Kf7 53. Qf5+ Ke7 54. Qe5+ Kd7 55. Qxg7+ Kc6 56. Qxh6+ Kd5 57. Qg5+ Kc4 58. Qc5+ Kb3 59. h4 Qxb4 60. Qd5+ Qc4 61. Qd1+ Kb4 62.
h5 Qh4+ 63. Kg1 Qxh5 64. Qb1+ Kc5 65. Qe4 Qd5 66. Qe7+ Kc4 67. Qa7 Qc5+ 68. Qxc5+ Kxc5 69. f4 a5 70. f5 Kd6 71. f6 a4 72. f7 Ke7 73. f8=Q+ Kxf8 0-1

[Event "*** Titled Tuesday Blitz"]
[Site "Chess.com"]
[Date "2020.04.14"]
[Round "5"]
[White "Bastiandash"]
[Black "Filip_Covic"]
[Result "0-1"]
[WhiteElo "2057"]
[BlackElo "2306"]
[TimeControl "180+1"]
[EndTime "10:52:07 PDT"]
[Termination "Filip_Covic won by checkmate"]

1. d4 Nf6 2. Nf3 e6 3. c3 b6 4. Bg5 Bb7 5. Nbd2 Be7 6. e3 c5 7. Bd3 O-O 8. O-O h6 9. Bh4 d6 10.
Qe2 Nbd7 11. Rfe1 Rc8 12. a4 a5 13. Bg3 Nh5 14. Be4 Qc7 15. Bxb7 Qxb7 16. Bh4 Bxh4 17. Nxh4 Nhf6 18. Nhf3 Ne4 19. Nxe4 Qxe4 20. Nd2 Qc6 21. Qd3 Nf6 22. e4 cxd4 23. Qxd4 Rfd8 24. Qe3 Nd7 25. Nf3 Ne5 26. Nxe5 dxe5 27. Red1 Qc5 28.
Kf1 Rxd1+ 29. Rxd1 Qc4+ 30. Qd3 Qxa4 31. Rd2 Qc6 32.
Qg3 Qxe4 33. h3 Qb1+ 34. Ke2 Qe4+ 35. Kf1 Qf4 36. Qd3 Qc4 37. Qxc4 Rxc4 38. Rd8+ Kh7 39. Rd7 Kg6 40. Rb7 Rc6 41. Ke2 f5 42. Rd7 Kf6 43. Rd3 g5 44. Rd8 e4 45. f4 gxf4 46. Kf2 Rc5 47. Ke2 Rb5 48. b4 axb4 49. c4 Rc5 50.
Rf8+ Ke5 51. Rb8 Rxc4 52. Rxb6 Rc2+ 53. Kd1 Rb2 54. Rb5+ Kd4 55. Rb8 Ke3 56. Rg8 Rf2 57. Kc1 Kd3 58. Kb1 b3 59. Rg6 Kc3 60. Rxe6 Rf1# 0-1

[Event "*** Titled Tuesday Blitz"]
[Site "Chess.com"]
[Date "2020.04.14"]
[Round "5"]
[White "Sebastian"]
[Black "anushanlv"]
[Result "1-0"]
[WhiteElo "2993"]
[BlackElo "2163"]
[TimeControl "180+1"]
[EndTime "10:52:08 PDT"]
[Termination "Sebastian won by checkmate"]

1. e4 c6 2. d4 d5 3. e5 Bf5 4. Nf3 e6 5. Be2 c5 6. Be3 cxd4 7. Nxd4 Ne7 8. Nd2 Nbc6 9. N2f3 Be4 10. O-O Bxf3 11.
Nxf3 Ng6 12. Bd4 Nxd4 13. Qxd4 a6 14. Bd3 Be7 15. Rfe1 Rc8 16. c3 O-O 17. Qg4 Rc6 18. Nd4 Rb6 19. Re2 Bc5 20. Nb3 Rc6 21. Rae1 Qh4 22.
Qxh4 Nxh4 23. Rd1 Ba7 24. g3 Ng6 25. Kg2 b5 26. a3 Ne7 27. f4 g6 28. h4 h5 29. Kf3 Kg7 30. g4 hxg4+ 31. Kxg4 Rh8 32. Rh1 Rh5 33. Rg2 Rc8 34. Nd2 Nf5 35. Bxf5 Rxf5 36. Re2 Bb6 37. Rh3 Rh5 38. Nf1 d4 39. cxd4 Bxd4 40.
Ng3 Rh7 41. h5 Rch8 42. Reh2 a5 43. Rd2 Bc5 44. Rd7 Bf2 45. Ne4 Be1 46. Ng5 Rxh5 47. Rxf7+ Kg8 48. Rxh5 gxh5+ 49. Kh3 Bd2 50. Rf6 Bc1 51.
Nxe6 Bxb2 52. Rf8+ Kh7 53. Ng5+ Kg7 54. Ne6+ Kh7 55.
Rf7+ Kg8 56. Rg7# 1-0

[Event "*** Titled Tuesday Blitz"]
[Site "Chess.com"]
[Date "2020.04.14"]
[Round "5"]
[White "WorldChampionBulletChess"]
[Black "MusicCityMaster"]
[Result "1-0"]
[WhiteElo "2140"]
[BlackElo "2302"]
[TimeControl "180+1"]
[EndTime "10:52:09 PDT"]
[Termination "WorldChampionBulletChess won by resignation"]

1. d4 Nf6 2. c4 c5 3. d5 b5 4. cxb5 a6 5. b6 e6 6. g3 Nxd5 7. Bg2 Bb7 8. Nf3 Nxb6 9. O-O Be7 10. Nc3 d5 11. e3 O-O 12. b3 Bf6 13. Bb2 Nc6 14.
Rc1 Rc8 15. Qe2 e5 16. Rfd1 d4 17. Ne4 Nb4 18. Nxc5 Rxc5 19. Rxc5 d3 20. Qd2 e4 21. Nd4 Bxd4 22. exd4 Nc2 23. Rxc2 dxc2 24. Qxc2 f5 25. Ba3 Rf6 26. Qc5 Nd5 27. Qa7 Rc6 28. Qxb7 Rc7 29. Qxa6 Nc3 30. Qe6+ Kh8 31. Rf1 Ne2+ 32. Kh1 Nxd4 33.
Qe5 Rf7 34. Rd1 Rd7 35. Bb2 Ne6 36. Rxd7 Qxd7 37. Qb8+ Nd8 38. h3 h6 39. Kh2 Kh7 40. Be5 Nf7 41. Qc7 Qe6 42. a4 Nxe5 43. a5 Nf3+ 44.
Bxf3 exf3 45. Qc2 Qe2 46. Qc5 Qf1 47. Qxf5+ Kg8 48. Qxf3 Qb5 49. Qa8+ Kh7 50. Qe4+ Kg8 51. Qe6+ Kh7 52. Qc4 Qxa5 53. Qe4+ Kg8 54. b4 Qb6 55. Qd5+ Kh8 56. Qc5 Qf6 57. b5 Qf3 58. b6 Kh7 59. Qe3 Qc6 60. h4 Kh8 61. f3 Kh7 62. Kg2 Qc2+ 63. Kh3 Qc6 64. Qe4+ Qxe4 65. fxe4 1-0

[Event "*** Titled Tuesday Blitz"]
[Site "Chess.com"]
[Date "2020.04.14"]
[Round "5"]
[White "Oleksandr_Bortnyk"]
[Black "Sviridov_Valery"]
[Result "1-0"]
[WhiteElo "3047"]
[BlackElo "2823"]
[TimeControl "180+1"]
[EndTime "10:52:10 PDT"]
[Termination "Oleksandr_Bortnyk won on time"]

1. e4 Nf6 2. e5 Nd5 3. d4 d6 4.
Nf3 dxe5 5. c4 e4 6. cxd5 exf3 7.
Qxf3 g6 8. Bf4 Bg7 9. Nc3 c6 10. Qg3 Bf5 11. Bc7 Qc8 12. Be5 O-O 13. Bxg7 Kxg7 14.
Be2 cxd5 15. Nxd5 Nc6 16. O-O Qd7 17. Bf3 Rad8 18. Rad1 Qd6 19. Qh4 e6 20. Qf6+ Kg8 21. Ne3 Nxd4 22. Bxb7 e5 23. Qxd6 Rxd6 24. Nc4 Rd7 25.
Ba6 Rfd8 26. Kh1 f6 27. Ne3 Be6 28. b3 Kg7 29. Rc1 f5 30. Rfe1 e4 31. Kg1 Kf6 32.
h3 g5 33. Rc5 h6 34. Bc8 Rd6 35. Bxe6 Kxe6 36. g4 Nf3+ 37. Kf1 Nxe1 38. gxf5+ Kf6 39. Ng4+ Kg7 40. Kxe1 Rf8 41. Rc7+ Rf7 42. f6+ Rxf6 43. Nxf6 Kxf6 44. Rc6+ Kg7 45. Re6 Rf3 46. Rxe4 Rxh3 47.
Re7+ Kf6 48. Rxa7 h5 49. Kf1 Rc3 50. b4 Kf5 51. b5 Rc2 52. b6 Rb2 53. b7 Kf4 54. Ra4+ Kf5 55. Ra5+ Kf4 56. Ra4+ Kf5 57. Ra7 Kf4 58. Kg1 g4 59. Kg2 h4 60. Kg1 g3 61.
Ra4+ 1-0

[Event "*** Titled Tuesday Blitz"]
[Site "Chess.com"]
[Date "2020.04.14"]
[Round "5"]
[White "Dynamikus"]
[Black "wonderfultime"]
[Result "1-0"]
[WhiteElo "2762"]
[BlackElo "2932"]
[TimeControl "180+1"]
[EndTime "10:52:11 PDT"]
[Termination "Dynamikus won by resignation"]

1. Nf3 Nf6 2. c4 c6 3. Nc3 d5 4. d4 a6 5. e3 Bf5 6. Nh4 Be4 7. f3 Bg6 8. Qb3 Ra7 9. a4 e6 10. a5 Nbd7 11. Bd2 Bd6 12. Be2 Ne4 13. Nxe4 Bxe4 14. g3 Bg6 15. Nxg6 hxg6 16. Kf2 Qe7 17. Bd3 O-O 18.
cxd5 exd5 19. Kg2 f5 20. Rae1 Qf7 21. Rhf1 Kh8 22. e4 c5 23. Qxd5 Qxd5 24. exd5 cxd4 25. Re6 Nc5 26. Rxd6 Nxd3 27. Rxg6 Raa8 28. Bg5 Kh7 29. Rb6 Rac8 30. d6 Rc2+ 31. Kg1 Re8 32. Be7 Ne5 33.
Rxb7 d3 34. d7 Rxe7 35. d8=Q Rxb7 36. Qd5 Rbxb2 37. f4 Rg2+ 38. Qxg2 Rxg2+ 39. Kxg2 Nc4 40. Kf2 Nxa5 41. Rd1 Nc4 42. Rxd3 a5 43. Rd4 Nb6 44. Rd6 Nc4 45. Rc6 Nd2 46. Ke3 Ne4 47. Ra6 Nf6 48.
Rxa5 Ng4+ 49. Ke2 Kg6 50. h3 Nf6 51. Kf3 Nd7 52. Ra6+ Kh7 53. g4 fxg4+ 54. hxg4 Nc5 55. Rc6 Nd7 56. g5 Kg8 57. Kg4 Kf7 58. Rc7 Ke6 59.
Rxd7 Kxd7 60. Kf5 Ke7 61. Kg6 Kf8 62. Kh7 Kf7 63. g6+ Kf6 64. f5 1-0

[Event "*** Titled Tuesday Blitz"]
[Site "Chess.com"]
[Date "2020.04.14"]
[Round "5"]
[White "Igor_Lysyj"]
[Black "Vuk2000"]
[Result "1-0"]
[WhiteElo "2822"]
[BlackElo "2620"]
[TimeControl "180+1"]
[EndTime "10:52:11 PDT"]
[Termination "Igor_Lysyj won by resignation"]

1. d4 Nf6 2. c4 e6 3. Nf3 b6 4. g3 Ba6 5. Qc2 Bb7 6. Bg2 c5 7. dxc5 Bxc5 8. O-O O-O 9. Nc3 Nc6 10.
Rd1 h6 11. a3 a5 12. h3 Qe7 13. e4 Rfd8 14. e5 Ne8 15. Ne4 Rac8 16. Qe2 Ba6 17.
Bf4 d5 18. exd6 Bxd6 19. Be3 Bc7 20. Rxd8 Rxd8 21. Qc2 Bb7 22. Nc3 Nf6 23. Nb5 Rc8 24. Rd1 Ne8 25. b3 Bd8 26. Qb2 Nb8 27. Bd4 Nd7 28. Be3 Ndf6 29. Qe2 Bc6 30. Nfd4 Bxg2 31. Kxg2 Nd6 32. Nxd6 Qxd6 33. Nb5 Qe7 34. Qf3 e5 35. Nd6 Rb8 36. Qc6 Qe6 37. Qf3 Be7 38. Nb5 e4 39. Qf4 Rc8 40. g4 Bc5 41. Qf5 Qxf5 42. gxf5 Bxe3 43. fxe3 a4 44. Nd6 Rd8 45. b4 Ne8 46. c5 Nxd6 47. cxd6 Kf8 48. Kg3 Ke8 49. Kf4 Kd7 50. Kxe4 Re8+ 51. Kf4 g5+ 52. fxg6 fxg6 53.
e4 Rf8+ 54. Ke3 Re8 55. Rd5 Re6 56. e5 Re8 57. Ke4 Rc8 58. Rd3 Rc1 59. e6+ Kd8 60. d7 Re1+ 61. Kd5 Ke7 62. Kc6 Rc1+ 63. Kxb6 Kd8 64.
e7+ 1-0

[Event "*** Titled Tuesday Blitz"]
[Site "Chess.com"]
[Date "2020.04.14"]
[Round "5"]
[White "Jadro9"]
[Black "malandragem"]
[Result "1-0"]
[WhiteElo "2699"]
[BlackElo "2515"]
[TimeControl "180+1"]
[EndTime "10:52:11 PDT"]
[Termination "Jadro9 won by resignation"]

1. e4 c5 2. Nf3 e6 3. b3 d5 4.
exd5 exd5 5. Bb5+ Bd7 6. Bxd7+ Qxd7 7. O-O Nc6 8. d4 O-O-O 9. Be3 Nf6 10. Nc3 Be7 11.
Na4 Ne4 12. Re1 Rhe8 13. dxc5 f5 14. Nd4 g5 15. Nxc6 Qxc6 16. Bd4 g4 17. Rc1 Kb8 18. Qd3 Bg5 19. Rcd1 Bf4 20. g3 Bc7 21. Be3 f4 22. Bxf4 Bxf4 23. gxf4 d4 24. c3 dxc3 25.
Qxd8+ Rxd8 26. Rxd8+ Kc7 27. Rf8 Qd5 28. Re8 c2 29.
R8xe4 Qxe4 30. Rxe4 c1=Q+ 31. Kg2 Qd1 32. Re3 Qd5+ 33.
Kg3 Qh5 34. f5 Qxf5 35. Nc3 h5 36. b4 a5 37. a3 axb4 38. axb4 Qg5 39. Ne4 h4+ 40.
Kg2 Qf4 41. Nd6 g3 42. hxg3 hxg3 43. Rxg3 Qxb4 44. Rg7+ Kc6 45. Nxb7 Qe4+ 46. Kg1 Qb1+ 47. Kh2 Qa1 48. Nd8+ Kxc5 49. f4 Kb6 50. Ne6 Qb2+ 51. Kg3 Qe2 52. f5 Qe1+ 53. Kf4 Qf1+ 54. Ke5 Qa1+ 55. Kd6 Qd1+ 56. Ke7 Kc6 57. Rg5 Qd7+ 58. Kf6 Qh7 59. Rg6 Qh8+ 60. Kg5 Qh3 61. Nf4+ 1-0

[Event "*** Titled Tuesday Blitz"]
[Site "Chess.com"]
[Date "2020.04.14"]
[Round "5"]
[White "Trickov"]
[Black "juniortay"]
[Result "1/2-1/2"]
[WhiteElo "2268"]
[BlackElo "2456"]
[TimeControl "180+1"]
[EndTime "10:52:11 PDT"]
[Termination "Game drawn by repetition"]

1. d4 d5 2. Nf3 c5 3. dxc5 e6 4. c4 Bxc5 5. cxd5 exd5 6. e3 Nf6 7. Nc3 O-O 8. a3 a6 9. Bd2 Nc6 10. Rc1 Ba7 11. Be2 Re8 12. O-O Qd6 13. Na4 Ne4 14.
Bc3 Bg4 15. Nd4 Bb8 16. g3 Bh3 17. Re1 Ne5 18. Nf3 Ng4 19. Qd4 f6 20. Nb6 Ba7 21. Qxd5+ Qxd5 22. Nxd5 Nexf2 23. Bd4 Bxd4 24. Nxd4 Rad8 25.
Bc4 Kh8 26. Nf4 b5 27. Be2 g5 28. Bxg4 gxf4 29. Kxf2 fxe3+ 30. Rxe3 Bxg4 31. Rxe8+ Rxe8 32. Rc6 Re4 33. Nf3 Kg7 34. Rxa6 Rc4 35. Ra7+ Kh6 36. Re7 b4 37. axb4 Rxb4 38. Re3 Rxb2+ 39. Kg1 Bh3 40.
Re1 Rg2+ 41. Kh1 Rf2 42. Nh4 Kg5 43. Kg1 Rb2 44. Ra1 h5 45. Ra5+ f5 46. Ra1 f4 47.
Ra5+ Kg4 48. Ra1 fxg3 49. hxg3 Kxg3 50. Ng6 Rg2+ 51. Kh1 Rf2 52. Ra3+ Kg4 53. Ne5+ Kh4 54. Ng6+ Kg5 55. Rxh3 Kxg6 56. Ra3 Rf6 57. Ra4 Rb6 58.
Kh2 Rb3 59. Kg2 Kg5 60. Ra5+ Kg4 61. Ra4+ Kg5 62. Ra5+ Kg4 63. Ra4+ Kg5 1/2-1/2

[Event "*** Titled Tuesday Blitz"]
[Site "Chess.com"]
[Date "2020.04.14"]
[Round "5"]
[White "annamaja"]
[Black "inegrepus"]
[Result "1-0"]
[WhiteElo "2190"]
[BlackElo "2279"]
[TimeControl "180+1"]
[EndTime "10:52:11 PDT"]
[Termination "annamaja won by checkmate"]

1. e4 e6 2. d4 d5 3. exd5 exd5 4.
c4 Nf6 5. Nc3 c6 6. Bg5 Be7 7.
Bd3 O-O 8. Nge2 Nbd7 9. O-O dxc4 10. Bxc4 Nb6 11. Bb3 Bg4 12. f3 Bf5 13. Ng3 Bg6 14. Re1 h6 15. Bf4 Nbd5 16. Be5 Bb4 17. Rc1 Nxc3 18.
bxc3 Ba3 19. Rb1 Bxb1 20. Qxb1 Bd6 21. Qg6 Bxe5 22. dxe5 Nd5 23. Qg4 Qg5 24. Qd7 Qd2 25.
Rd1 Qe3+ 26. Kh1 Rad8 27. Qxb7 Nxc3 28. Bxf7+ Kh8 29. Rf1 Nd1 30. h3 Qf4 31. e6 Rb8 32.
Qxc6 Qxg3 33. Rxd1 Rb2 34. Rg1 Rfb8 35. e7 Qe5 36.
e8=Q+ Rxe8 37. Qxe8+ Qxe8 38. Bxe8 Rxa2 39. Bg6 Rb2 40.
Rc1 Rb8 41. Ra1 Ra8 42. Ra6 Kg8 43. Kh2 Kf8 44. Kh1 Ke7 45. Kh2 Kd7 46. Kg3 Kc7 47.
Kf4 Rb8 48. Rxa7+ Kd6 49. Rxg7 Rb4+ 50. Kg3 Ke5 51. Be4 Rb2 52. Rg6 h5 53. Rg5+ Kf6 54.
Rxh5 Kg7 55. Rf5 Kh8 56. h4 Rb6 57. Rh5+ Kg7 58. Rh7+ Kg8 59. h5 Rd6 60. Ra7 Kh8 61. Kh4 Kg8 62. g4 Kh8 63. g5 Kg8 64. g6 Rd1 65.
Kg5 Rg1+ 66. Kf6 Rxg6+ 67. hxg6 Kf8 68. Ra8# 1-0

[Event "*** Titled Tuesday Blitz"]
[Site "Chess.com"]
[Date "2020.04.14"]
[Round "5"]
[White "KetiTsatsalashvili"]
[Black "Nastya_Rakhmangulova"]
[Result "0-1"]
[WhiteElo "2223"]
[BlackElo "2397"]
[TimeControl "180+1"]
[EndTime "10:52:14 PDT"]
[Termination "Nastya_Rakhmangulova won by checkmate"]

1. d4 d5 2. Nf3 Nf6 3. c4 c6 4. e3 Bf5 5. Nc3 e6 6. Qb3 Qc7 7. Be2 Nbd7 8. h3 h6 9. O-O Bd6 10. Qd1 g5 11. c5 Be7 12. b4 h5 13.
Nxg5 Rg8 14. f4 Ne4 15. Ngxe4 dxe4 16. Bxh5 O-O-O 17. Kh2 Nf6 18. Be2 Rh8 19. Rh1 Rdg8 20. b5 e5 21. dxe5 Ng4+ 22. Bxg4 Bxg4 23. Qc2 Qd7 24.
bxc6 bxc6 25. e6 Bxe6 26. Qd2 Bxh3 27. Qxd7+ Bxd7+ 28. Kg1 Bh3 29. Rh2 Bxc5 30. Nxe4 Bb6 31. Ng5 Be6 32. Rxh8 Rxh8 33. Bb2 Bxe3+ 34. Kf1 Rh1+ 35.
Ke2 Rxa1 36. Bxa1 Bxf4 37. Nxe6 fxe6 38. Kf3 Bd6 39. g4 Kd7 40. Ke4 Ke7 41. g5 Kf7 42.
Bd4 a6 43. Be3 Kg6 44. Kd4 Kf5 45. a4 Be7 46. a5 e5+ 47. Kc4 Bxg5 48. Bxg5 Kxg5 49.
Kc5 e4 50. Kxc6 e3 51. Kb6 e2 52. Kxa6 e1=Q 53. Kb7 Qxa5 54. Kc6 Kf5 55. Kd6 Qb5 56. Kc7 Qa6 57. Kd8 Ke6 58. Kc7 Qd6+ 59. Kb7 Qc5 60. Kb8 Kd7 61. Ka8 Qb4 62. Ka7 Kc6 63. Ka6 Qb6# 0-1

[Event "*** Titled Tuesday Blitz"]
[Site "Chess.com"]
[Date "2020.04.14"]
[Round "5"]
[White "ChessWarrior7197"]
[Black "temus_galaktionov"]
[Result "0-1"]
[WhiteElo "2905"]
[BlackElo "2787"]
[TimeControl "180+1"]
[EndTime "10:52:15 PDT"]
[Termination "temus_galaktionov won by checkmate"]

1. e4 c6 2. d4 g6 3. f4 Bg7 4. c3 d6 5. Nf3 Nd7 6. Bd3 e5 7.
O-O Ngf6 8. Nbd2 O-O 9. fxe5 dxe5 10. Nc4 exd4 11. cxd4 Nb6 12. Nce5 Be6 13. Bg5 h6 14. Bh4 Qc7 15. Rc1 Rad8 16. d5 Bc8 17. dxc6 g5 18.
Bf2 Nxe4 19. cxb7 Qxb7 20. Qc2 Nxf2 21. Rxf2 Nd5 22. Be4 Qb6 23. Nc6 Nb4 24. Nxb4 Qxb4 25. h3 Be6 26. a3 Qb6 27. Qb1 f5 28. Rc6 Qb3 29. Bc2 Qd5 30. Ra6 Qc4 31. Qf1 Qxf1+ 32.
Rxf1 Bc4 33. Rxa7 Bxf1 34. Kxf1 Bxb2 35. a4 Ra8 36. Rb7 Bc3 37. Rc7 Bb4 38. Rb7 Bc3 39. Rc7 Ba5 40. Rb7 Rab8 41. Rxb8 Rxb8 42. Bxf5 Rb2 43.
Nd4 Bb6 44. Be6+ Kh7 45. Bf5+ Kg7 46. Ne2 Ra2 47. g4 Rxa4 48. Kg2 Kf6 49. Ng3 Ke5 50. Nh5 Ra2+ 51. Kf3 Ra3+ 52. Kg2 Bd4 53. Bh7 Kd6 54. Ng3 Ke5 55. Nh5 Ra6 56. Bg8 Ke4 57. Ng3+ Ke5 58. Nf5 Bc5 59. Bc4 Rb6 60. Kf3 h5 61. Bd3 h4 62.
Bc2 Rb2 63. Ba4 Ra2 64. Bc6 Rh2 65. Nh6 Rf2# 0-1

[Event "*** Titled Tuesday Blitz"]
[Site "Chess.com"]
[Date "2020.04.14"]
[Round "5"]
[White "Jospem"]
[Black "Leonid_Starozhilov"]
[Result "1/2-1/2"]
[WhiteElo "2893"]
[BlackElo "2670"]
[TimeControl "180+1"]
[EndTime "10:52:15 PDT"]
[Termination "Game drawn by repetition"]

1. c4 Nf6 2. Nf3 g6 3. g3 Bg7 4. Bg2 O-O 5. O-O d6 6. d4 c6 7. Nc3 Bf5 8. Ne1 d5 9. b3 Ne4 10. Bb2 Nxc3 11. Bxc3 Na6 12. Rc1 Rc8 13. e3 Nc7 14.
Nd3 Bxd3 15. Qxd3 e6 16. a4 Re8 17. b4 dxc4 18. Qxc4 Nd5 19. Bb2 a6 20. Rfd1 b5 21.
Qb3 Qd7 22. a5 Bf8 23. e4 Ne7 24. Rd3 Bg7 25. Rcd1 Rcd8 26. Qc2 Qd6 27. Bc3 Qb8 28. Qb3 Rd7 29. Bf3 Red8 30. Kg2 h5 31. Qc2 Nc8 32.
Qe2 Nd6 33. e5 Nf5 34. Bxc6 Rc7 35. Be4 Ne7 36. Bd2 Nd5 37. Bg5 Rdd7 38. Qd2 Bf8 39.
Rb3 Qc8 40. Bf3 Rc4 41. Rdb1 Nc3 42. Rc1 Nd5 43. Qb2 Rdc7 44. Bxd5 exd5 45. Rf1 Qf5 46. Qd2 Qe4+ 47. f3 Qf5 48. Qf4 Qe6 49. Rf2 Rc2 50. Qf6 Qxf6 51. Bxf6 R2c4 52. e6 fxe6 53. Be5 R7c6 54.
Re3 Kf7 55. g4 Bxb4 56. f4 Rc2 57. f5 Rxf2+ 58. Kxf2 Rc2+ 59. Kf1 Rc1+ 60. Kg2 Rc2+ 61. Kf1 Rc1+ 62. Kg2 gxf5 63. gxf5 Rc2+ 64. Kf1 Rc1+ 65.
Kg2 Rc2+ 66. Kf1 Rc1+ 67. Kg2 1/2-1/2

[Event "*** Titled Tuesday Blitz"]
[Site "Chess.com"]
[Date "2020.04.14"]
[Round "5"]
[White "iulik86"]
[Black "bangchess21"]
[Result "0-1"]
[WhiteElo "2518"]
[BlackElo "2693"]
[TimeControl "180+1"]
[EndTime "10:52:16 PDT"]
[Termination "bangchess21 won on time"]

1. e4 c5 2. Nf3 Nc6 3. d4 cxd4 4. Nxd4 g6 5. c4 Bg7 6. Nc2 Nf6 7. Nc3 O-O 8. Be2 d6 9. O-O Nd7 10. Bd2 a5 11. b3 Nc5 12. Rc1 Bxc3 13. Bxc3 Nxe4 14.
Ba1 e5 15. Ne3 Be6 16. Bf3 f5 17. Bxe4 fxe4 18. Qd2 Qe7 19. Nd5 Qd8 20. Nc3 Qe7 21.
Nxe4 Rad8 22. Qe3 Bf5 23. Ng3 Be6 24. Rfe1 Nb4 25. a3 Nc6 26. a4 Qf6 27. Ne4 Qf4 28. Qxf4 Rxf4 29. Rcd1 d5 30. Nc5 Bf7 31. Bxe5 Nxe5 32.
Rxe5 b6 33. Ne6 Bxe6 34. Rxe6 Kf7 35. Rxb6 d4 36. Rd3 Re4 37. g3 Re1+ 38. Kg2 Rc1 39. Rb7+ Kf6 40. Kf3 Rc3 41. Ke4 Rc2 42. Rf3+ Kg5 43.
Rxh7 Rc3 44. h4+ Kg4 45. Rd3 Rc1 46. f3+ Kxg3 47. Rxd4 Re1+ 48. Kd3 Rd1+ 49. Kc3 R1xd4 50. Rg7 Rd3+ 51. Kb2 Rxf3 52. Rxg6+ Kxh4 53. Rb6 Kg5 54. Rb5+ Kf6 55. Rxa5 Rb8 56. Rb5 Rxb5 57. axb5 Ke5 58. Ka3 Kd6 59. Ka4 Rf4 60. Ka5 Kc5 0-1